 Dungeon Crawl Stone Soup version 0.26-b1-32-g5d43845318 (webtiles) character file.

Game seed: 3444692700367319700

698 Dirian the Chopper (level 7, -6/61 HPs)
             Began as a Minotaur Fighter on Jan 8, 2021.
             Was an Initiate of Makhleb.
             Mangled by an ogre
             ... wielding a +0 giant spiked club
              (26 damage)
             ... on level 4 of the Dungeon.
             The game lasted 00:04:45 (3656 turns).

Dirian the Chopper (Minotaur Fighter)               Turns: 3656, Time: 00:04:46

Health: -6/61      AC:  8    Str: 22    XL:     7   Next: 38%
Magic:  6/6        EV:  7    Int:  5    God:    Makhleb [......]
Gold:   249        SH: 11    Dex: 10    Spells: 6/6 levels left

rFire    . . .     SeeInvis +   a - +0 war axe
rCold    . . .     Faith    .   c - +1 kite shield
rNeg     . . .     Spirit   .   b - +0 scale mail
rPois    .         Reflect  .   h - +0 hat {Will+}
rElec    .         Harm     .   (no cloak)
rCorr    .         Rampage  .   k - +0 pair of gloves
Will     +....                  (no boots)
Stlth    ..........             e - amulet of regeneration
HPRegen  0.60/turn              m - ring of see invisible
MPRegen  0.10/turn              (no ring)

@: no status effects
A: retaliatory headbutt, horns 2
a: Renounce Religion


You were on level 4 of the Dungeon.
You worshipped Makhleb.
Makhleb was noncommittal.
You visited 1 branch of the dungeon, and saw 4 of its levels.

You collected 249 gold pieces.

Inventory:

Hand Weapons
 a - a +0 war axe (weapon)
Armour
 b - a +0 scale mail (worn)
 c - a +1 kite shield (worn)
 h - a +0 hat of willpower (worn)
 k - a +0 pair of gloves (worn)
 l - a +0 plate armour
Jewellery
 e - an amulet of regeneration (around neck)
 m - a ring of see invisible (left hand)
Scrolls
 f - a scroll of blinking {unknown}
 j - a scroll of enchant armour
 r - 2 scrolls of identify
 t - a scroll of fog {unknown}
 x - 2 scrolls of remove curse
Potions
 d - a potion of might
 g - 2 potions of cancellation
 i - 3 potions of curing
 n - a potion of degeneration {unknown}
 o - 3 potions of flight
 p - a potion of haste {unknown}
 q - a potion of magic
 s - a potion of heal wounds {unknown}


   Skills:
 + Level 5.2 Fighting
 + Level 7.0 Axes
 + Level 6.0 Armour
 - Level 5.0 Shields


You had 6 spell levels left.
You didn't know any spells.
Your spell library was empty.

Dungeon Overview and Level Annotations

Branches:
Dungeon (4/15)
 Temple: D:4-7

Altars:
Kikubaaqudgha
Makhleb
Qazlal
Ru
Sif Muna
Trog

Annotations:
D:3 1 runed translucent door, Raspi's ghost, amateur PaFi


Innate Abilities, Weirdness & Mutations

You reflexively headbutt those who attack you in melee.
You have a pair of horns on your head.


Message History

You are too injured to fight recklessly!
You slash the ogre!
The ogre is heavily wounded.
The ogre hits you with a +0 giant spiked club!!
* * * LOW HITPOINT WARNING * * *
You hit the ogre.
The ogre is severely wounded.
The ogre completely misses you. You furiously retaliate!
You headbutt the ogre, but do no damage.
You block the ogre's attack. The ogre closely misses you.
An ogre comes into view. It is wielding a +0 giant club.
The ogre shouts!
You hit the ogre.
The ogre is lightly wounded.
The ogre hits you with a +0 giant club!
There is a stone staircase leading up here.
The ogre hits you with a +0 giant club!!
The ogre hits you with a +0 giant spiked club!!
You die...

# #########.#.# #.#.# #.# #. #
#.........#.###.#.#### #.# #.
####....###..#.....#....####.###.
................#######.†.#...##.
####....####.##....#....#........
####.#.## #.##..#.#.#.#.#....###
......######O##..#.#.#..###..##
####.......).##OO#...#.## ##.## #
##.#######<...@.....## ##.# #
#...# #.##..###...## ##.##
##...............# #.##.###.#####
#.......####.###.###.###.#.......
.............# #..........#.#####
###....####### #####.######.#
##.#.# #># #.# #.#.# #.# ##.##
....# #.# #...####


You could see 2 ogres.

Vanquished Creatures
  Menkaure (D:4)
  A phantom (D:3)
  An ogre (D:4)
  A scorpion (D:4)
  A vampire bat (D:2)
  A hound (D:4)
  Terence (D:2)
  4 worker ants (D:4)
  Robin (D:2)
  3 gnolls (D:3)
  4 adders
  An ooze (D:1)
  A worm (D:3)
  7 orcs
  2 ball pythons
  4 bats
  2 bat skeletons (D:2)
  4 bat zombies (D:2)
  4 giant cockroaches
  16 goblins
  7 hobgoblins
  6 kobolds
  2 quokkas
  3 frilled lizards
  5 rats
83 creatures vanquished.

Vanquished Creatures (others)
  12 plants
12 creatures vanquished.

Grand Total: 95 creatures vanquished

Notes
Turn   | Place    | Note
-------+----------+-------------------------------------------
     0 | D:1      | Dirian the Minotaur Fighter began the quest for the Orb.
     0 | D:1      | Reached XP level 1. HP: 19/19 MP: 0/0
   234 | D:1      | Reached XP level 2. HP: 27/27 MP: 1/1
   834 | D:2      | Reached XP level 3. HP: 33/33 MP: 2/2
   849 | D:2      | Noticed Robin
   853 | D:2      | Killed Robin
   854 | D:2      | Reached skill level 3 in Axes
   906 | D:2      | Noticed Terence
   919 | D:2      | Killed Terence
   920 | D:2      | Reached XP level 4. HP: 21/40 MP: 3/3
  1631 | D:2      | Found an ancient bone altar of Kikubaaqudgha.
  1634 | D:2      | Reached skill level 4 in Axes
  1634 | D:2      | Reached XP level 5. HP: 46/46 MP: 4/4
  1737 | D:3      | Noticed a phantom
  1769 | D:3      | Killed a phantom
  1770 | D:3      | Reached skill level 5 in Axes
  1770 | D:3      | Reached skill level 5 in Shields
  2043 | D:3      | Reached XP level 6. HP: 39/53 MP: 5/5
  2206 | D:3      | Reached skill level 5 in Armour
  2468 | D:3      | Found a runed translucent door.
  2472 | D:3      | Noticed Raspi's ghost (amateur PaFi)
  2574 | D:3      | Found a sacrificial altar of Ru.
  2575 | D:3      | Found a shimmering blue altar of Sif Muna.
  2575 | D:3      | Found a bloodstained altar of Trog.
  2590 | D:3      | Found a burning altar of Makhleb.
  2594 | D:3      | Became a worshipper of Makhleb the Destroyer
  2779 | D:3      | Found a stormy altar of Qazlal.
  2781 | D:3      | Noticed a fire elemental
  2782 | D:3      | Noticed a water elemental
  2782 | D:3      | Noticed an air elemental
  3284 | D:4      | Reached skill level 6 in Axes
  3391 | D:4      | Noticed Menkaure
  3399 | D:4      | Killed Menkaure
  3400 | D:4      | Reached skill level 5 in Fighting
  3400 | D:4      | Reached XP level 7. HP: 37/61 MP: 6/6
  3524 | D:4      | Reached skill level 7 in Axes
  3656 | D:4      | Mangled by an ogre

Illustrated notes

Levels and vault maps discovered:
D:1:      dpeg_chamrin_arrival_tetris, layout_rooms, serial_forest,
          infiniplex_forest_lined_ring, infiniplex_forest_end_3,
          infiniplex_forest_lined_3, infiniplex_forest_straight_4,
          infiniplex_forest_straight_4, infiniplex_forest_lined_room_2,
          infiniplex_forest_clump_diagonal, infiniplex_forest_clump_curved,
          minmay_misc_feat_five, grunt_decor_resistance, minmay_pentomino_p4
D:2:      layout_loops_ring, kennysheep_vampire_church, grunt_decor_clamped,
          minivault_27, uniq_robin, uniq_terence
D:3:      layout_loops_corners, grunt_temple_overflow_cloverleaf, serial_forest,
          infiniplex_forest_clump_long, infiniplex_forest_clump_long,
          infiniplex_forest_clump_long, infiniplex_forest_clump_diagonal,
          infiniplex_forest_corner_1, infiniplex_forest_zigzag_1,
          infiniplex_forest_lined_ring, ebering_ghost_reflecting_pool,
          nicolae_qazlal_style_of_elements
D:4:      layout_loops_ring, minmay_temple_entry_statues_pillars, serial_shops,
          shop_fountains, uniq_menkaure

Skill      XL: |  1  2  3  4  5  6  7 |
---------------+----------------------+-----
Armour         | 4 5 6 |  6.0
Shields        | 4 5 |  5.0
Fighting       | 4 5 |  5.2
Axes           | 3 4 5 6 7 |  7.0

Action                   |  1- 3 |  4- 6 |  7- 9 || total
-------------------------+-------+-------+-------++-------
Melee: War axe           |   109 |   102 |    16 ||   227
       Headbutt          |    11 |    11 |     3 ||    25
  Use: Potion            |       |     1 |       ||     1
       Scroll            |       |     7 |       ||     7
Armor: Scale mail        |    49 |    44 |     3 ||    96
Dodge: Dodged            |    18 |    40 |     4 ||    62
Block: Kite shield       |    43 |    68 |     4 ||   115
